Map: King's Cove LE

Players

goblin

  • Race: Protoss Protoss
  • Spawn Location: 5:00

PtitDrogo - Winner!

  • Race: Protoss Protoss
  • Spawn Location: 11:00

Event: 2019 WCS Spring

VOD

Have the link to the VOD?

Description

Time

  • Played on: May 18, 2019, 2:07 p.m.
  • Length: 5:32

All games in this series

Show
View Real Time Build Order
Export as new Build Order

goblin Protoss 

Build Orders: Phoenix Opening 

Get SALT Encoding   

  12  0:00  Probe  
  13  0:12  Probe  
  14  0:17  Pylon  
  14  0:24  Probe  
  15  0:32  Probe  
  15  0:37  Gateway  
  15  0:40  Probe  
  16  0:46  Assimilator  
  17  0:51  Probe  
  17  0:55  Assimilator  
  18  0:59  Probe  
  19  1:08  Probe, Gateway  
  20  1:18  Probe  
  21  1:26  Cybernetics Core  
  21  1:30  Probe  
  22  1:37  Pylon  
  22  1:42  Probe  
  24  2:02  Stargate  
  24  2:04  Adept x2  
  24  2:07  Warp Gate  
  28  2:18  Pylon  
  28  2:19  Probe  
  28  2:45  Nexus  
  28  2:46  Phoenix  
  30  3:01  Probe  
  30  3:03  Phoenix  
  33  3:21  Stalker  
  33  3:23  Pylon  
  33  3:25  Sentry  
  37  3:33  Phoenix  
  37  3:41  Probe  
  40  3:50  Phoenix  
  40  3:56  Probe  
  40  3:58  Probe  
  44  4:08  Probe  
  45  4:11  Probe  
  45  4:14  Robotics Facility  
  42  4:20  Probe  
  42  4:23  Probe  
  44  4:28  Phoenix  
  44  4:32  Probe  
  44  4:35  Probe  
  45  4:44  Probe  
  46  4:48  Probe  
  47  4:52  Stalker  
  47  4:53  Adept  
  51  5:04  Probe x2  
Show
View Real Time Build Order
Export as new Build Order

PtitDrogo Protoss - Winner!

Build Orders:  

Get SALT Encoding   

  12  0:00  Probe  
  13  0:13  Probe  
  14  0:18  Pylon  
  14  0:24  Probe  
  15  0:32  Probe  
  15  0:39  Gateway  
  15  0:40  Probe  
  16  0:46  Assimilator  
  17  0:51  Probe  
  17  0:55  Assimilator  
  18  0:59  Probe  
  19  1:07  Probe  
  19  1:15  Gateway  
  19  1:17  Probe  
  21  1:26  Cybernetics Core  
  21  1:29  Probe  
  22  1:37  Pylon  
  22  1:41  Probe  
  23  1:53  Warp Gate  
  23  1:55  Probe  
  24  2:03  Stalker, Sentry  
  24  2:07  Probe  
  29  2:15  Pylon  
  29  2:21  Pylon  
  29  2:26  Probe  
  30  2:33  Stalker x2  
  34  2:54  Nexus  
  34  3:00  Pylon  
  34  3:06  Shield Battery  
  34  3:15  Sentry x2  
  38  3:20  Gateway  
  38  3:32  Probe  
  39  3:37  Shield Battery, Robotics Facility  
  39  3:42  Shield Battery  
  39  3:50  Adept x2  
  44  3:57  Pylon  
  43  4:04  Probe  
  43  4:09  Probe  
  42  4:16  Probe  
  43  4:21  Probe  
  41  4:26  Stalker x3  
  41  4:28  Probe  
  47  4:39  Probe  
  47  4:40  Probe  
  49  4:50  Stalker, Sentry x2  
  49  4:52  Probe  
  56  4:56  Probe  
  57  5:04  Probe  
  58  5:10  Stalker x2  
  58  5:16  Stalker  
  58  5:18  Probe  
Tags
 
Add a new tag
Caveats
  • Supply blocks, unpowered buildings, or Contaminate may cause inaccurate times.
  • Supply counts are checked every 10 seconds.